 Dungeon Crawl Stone Soup version 0.31-a0-740-g87205ac768 (webtiles) character file.

Game seed: 4698030093473712657

317 greynaab the Magician (level 6, -1/41 HPs)
             Began as a Mummy Conjurer on Sept 12, 2023.
             Slain by a hornet (5 damage)
             ... on level 4 of the Dungeon.
             The game lasted 00:09:18 (3533 turns).

greynaab the Magician (Mummy Conjurer)              Turns: 3533, Time: 00:09:18

Health: -1/41      AC:  6    Str: 10    XL:     6   Next: 20%
Magic:  7/13       EV: 12    Int: 19    God:
Gold:   147        SH:  0    Dex: 11    Spells: 8/15 levels left

rFire   x . .        i - +0 sling
rCold   + . .        (no shield)
rNeg    + + +        a - +0 robe
rPois   ∞            l - +1 helmet
rElec   .            (no cloak)
rCorr   .            h - +0 pair of gloves
SInv    .            e - +0 pair of boots
Will    .....        (no amulet)
Stlth   ++           (no ring)
HPRegen 0.26/turn    (no ring)
MPRegen 0.13/turn

%: faith
@: about to teleport
A: cold resistance 1, negative energy resistance 3, torment resistance 2, heat
vulnerability 1, in touch with death 1, no potions, faith
a: no special abilities


You were on level 4 of the Dungeon.
You visited 1 branch of the dungeon, and saw 4 of its levels.

You collected 147 gold pieces.

Inventory:

Hand Weapons
 c - a +0 dagger
 i - a +0 sling (weapon)
Missiles
 b - 7 boomerangs
Armour
 a - a +0 robe (worn)
 e - a +0 pair of boots (worn)
 h - a +0 pair of gloves (worn)
 l - a +1 helmet (worn)
Scrolls
 j - a scroll of noise


   Skills:
 - Level 1.5 Dodging
 - Level 1.5 Stealth
 + Level 5.3 Spellcasting
 * Level 5.3 Conjurations


You had 8 spell levels left.
You knew the following spells:

 Your Spells              Type           Power      Damage    Failure   Level
a - Magic Dart            Conj           100%       1d8       1%          1
b - Searing Ray           Conj           50%        2d6       1%          2
c - Fulminant Prism       Conj/Hex       7%         3d7       36%         4

Your spell library contained the following spells:

 Spells                   Type           Power      Damage    Failure   Level
 Dazzling Flash           Conj/Hex       30%        N/A       12%         3
 Ensorcelled Hibernation  Hex/Ice        10%        N/A       19%         2
 Passwall                 Tmut/Erth      4%         N/A       19%         2
 Gell's Gravitas          Tloc           5%         N/A       36%         3
 Swiftness                Air            5%         N/A       36%         3
 Teleport Other           Tloc           5%         N/A       36%         3
 Volatile Blastmotes      Fire/Tloc      10%        2d10      36%         3
 Iskenderun's Mystic Bla  Conj/Tloc      15%        2d5       36%         4
 Starburst                Conj/Fire      7%         6d4       99%         6
 Dispersal                Tloc           2%         N/A       100%        6
 Maxwell's Capacitive Co  Air            2%         ∞         100%        8


Dungeon Overview and Level Annotations

Branches:
Dungeon (4/15) Zot: 20448
 Temple: D:4-7

Altars:

Portals:
Sewer: D:4

Annotations:
D:2 Terence
D:4 Grinder


Innate Abilities, Weirdness & Mutations

You are immune to poison.
Your flesh is cold resistant. (rC+)
You are immune to negative energy. (rN+++)
You are immune to unholy pain and torment.
You are vulnerable to heat. (rF-)
You are in touch with the powers of death.
You do not drink.
You have a special connection with the divine. (Faith)


Message History

Casting: Searing Ray (safe; 1% risk of failure)
Confirm with . or Enter, or press ? or * to list all spells.
Aiming: Fulminant Prism (extremely dangerous; 36% risk of failure)
Press: ? - help, Dir - move target You conjure a prism of explosive energy!
A fulminant prism comes into view.
The hornet stings you!
A river rat comes into view.
The hornet stings you! The quokka barely misses you.
The giant cockroach misses you.
Unknown command.
As you read the scroll of fear, it crumbles to dust.
You assume a fearsome visage.
The river rat looks frightened!
The bat looks frightened!
The giant cockroach looks frightened!
The quokka looks frightened!
The black bear looks frightened!
The hornet resists with some effort.
The hornet closely misses you.
Your fulminant prism crackles loudly.
You aren't carrying any items that you can evoke.
Unknown command.
Casting: Fulminant Prism (extremely dangerous; 36% risk of failure)
Confirm with . or Enter, or press ? or * to list all spells.
Aiming: Searing Ray (safe; 1% risk of failure)
Press: ? - help, Shift-Dir - straight line, f - hornet
Aim: a hornet (69% to hit)
The searing ray hits the hornet.
The hornet is lightly wounded. (Press . to maintain the ray.)
The hornet barely misses you. The quokka bites your fulminant prism.
Your fulminant prism explodes!
The blast of energy engulfs the quokka.
The quokka is heavily wounded.
Your attack snaps the quokka out of its fear.
The hornet stings you!
* * * LOW HITPOINT WARNING * * *
You hear a shout! x6
As you read the scroll labelled WIM IN ZYJ, it dissolves into smoke.
It was a scroll of fog.
The hornet barely misses you.
As you read the scroll of teleportation, it crumbles to dust.
You feel strangely unstable. The hornet stings you.
You die...

.≈~..∩..~≈
≈≈.....~ .
~.....≈ .. .
#~≈.~≈# ...
..##≈~.≈~##..
.......§§..
......§ry#
......§@§#
......§§§#
.!.........
..........B..
...............
########.......
....... .......


You could see a hornet, a quokka and a giant cockroach (fleeing).

Vanquished Creatures
  A black bear (D:4)
  Natasha (thrice) (D:2)
  Robin (D:2)
  7 adders
  3 dart slugs
  7 endoplasms
  6 giant cockroaches
  6 hobgoblins
  A jackal (D:2)
  5 kobolds
  2 quokkas
  3 bats
  4 frilled lizards
  14 goblins
  7 rats
70 creatures vanquished.

Vanquished Creatures (others)
  A fulminant prism (D:4)
1 creature vanquished.

Grand Total: 71 creatures vanquished

Notes
Turn   | Place    | Note
-------+----------+-------------------------------------------
     0 | D:1      | greynaab the Mummy Conjurer began the quest for the Orb.
     0 | D:1      | Reached XP level 1. HP: 13/13 MP: 4/4
   144 | D:1      | Reached XP level 2. HP: 19/19 MP: 0/6
   791 | D:1      | Reached XP level 3. HP: 24/24 MP: 6/8
   930 | D:1      | Learned a level 2 spell: Searing Ray
   931 | D:2      | Noticed Natasha
  1312 | D:2      | Killed Natasha
  1313 | D:2      | Reached XP level 4. HP: 30/30 MP: 5/10
  1599 | D:2      | Noticed Natasha
  1609 | D:2      | Killed Natasha
  1775 | D:2      | Reached XP level 5. HP: 35/35 MP: 8/11
  1825 | D:2      | Noticed Natasha
  1832 | D:2      | Killed Natasha
  1979 | D:2      | Noticed Robin
  2090 | D:2      | Killed Robin
  2254 | D:2      | Noticed Terence
  2533 | D:3      | Learned a level 4 spell: Fulminant Prism
  2905 | D:3      | Reached skill level 5 in Conjurations
  2980 | D:3      | Reached skill level 5 in Spellcasting
  3411 | D:4      | Noticed a black bear
  3430 | D:4      | Killed a black bear
  3431 | D:4      | Reached XP level 6. HP: 27/41 MP: 3/13
  3468 | D:4      | Noticed Grinder
  3528 | D:4      | Noticed a hornet
  3528 | D:4      | Found a glowing drain.
  3533 | D:4      | Slain by a hornet

Illustrated notes

Levels and vault maps discovered:
D:1:      spicycebolla_arrival_xxxplode, layout_rooms
D:2:      minmay_skewed_foursquare, layout_basic, uniq_robin, uniq_natasha,
          uniq_terence
D:3:      layout_basic
D:4:      layout_basic, xom_redecorated, cheibrodos_sewer_entry_sluice,
          uniq_grinder

Skill      XL: |  1  2  3  4  5 |
---------------+----------------+-----
Spellcasting   | 3 4 5 |  5.3
Conjurations   | 4 5 |  5.3
Dodging        | |  1.5
Stealth        | |  1.5

Action                     |  1- 3 |  4- 6 || total
---------------------------+-------+-------++-------
  Melee: Unarmed           |    14 |       ||    14
         Dagger            |     7 |       ||     7
   Fire: Sling             |       |    48 ||    48
   Cast: Magic Dart        |    74 |    29 ||   103
         Searing Ray       |     1 |     8 ||     9
         Fulminant Prism   |       |     1 ||     1
    Use: Scroll            |       |     7 ||     7
 Armour: Robe              |    11 |    34 ||    45
  Dodge: Dodged            |    13 |    23 ||    36

Table legend: (Time is in decaauts)
 A = Elapsed time spent in this place.
 B = Non-inter-level travel time spent in this place.
 C = Inter-level travel time spent in this place.
 D = Time resting spent in this place.
 E = Time spent auto-exploring this place.
 F = Levels seen in this place.
 G = Mean time per level.
                   A        B        C        D        E       F      G
               +--------+--------+--------+--------+--------+-----+--------+
         Total |   3551 |   3305 |    246 |    143 |   2588 |   4 |  887.8 |
       Dungeon |   3551 |   3305 |    246 |    143 |   2588 |   4 |  887.8 |
               +--------+--------+--------+--------+--------+-----+--------+

Top non-repeatable levels by time:
     D:2: 1552 daAuts
     D:1: 987 daAuts
     D:3: 901 daAuts
     D:4: 110 daAuts
